 Dungeon Crawl Stone Soup version 0.14-a0-2564-g94087c3 (webtiles) character file.

682 Econoterrorist the Grappler (level 7, 0/66 HPs)
             Began as a Troll Monk on Feb 11, 2014.
             Slain by an orc warrior
             ... wielding a +2,+1 orcish war axe
              (16 damage)
             ... on Level 5 of the Dungeon.
             The game lasted 00:15:57 (3312 turns).

Econoterrorist the Grappler (Troll Monk)            Turns: 3312, Time: 00:15:57

HP   0/66        AC  5     Str 18 (20) XL: 7   Next:  7%
MP   3/3         EV 10     Int  6      God:
Gold 134         SH  0     Dex 14      Spells:  0 memorised,  6 levels left

rFire  + . .     SeeInvis .       - Unarmed
rCold  . . .     Clarity  .     B - +0 robe (curse)
rNeg   . . .     Conserve .     (shield restricted)
rPois  .         rCorr    .     (helmet restricted)
rElec  .         rRot     .     (no cloak)
SustAb . .       Spirit   .     (gloves unavailable)
rMut   .         Warding  .     (boots unavailable)
Gourm  +         Stasis   .     (no amulet)
MR     .....                    k - ring of teleport control
                                q - ring of protection from fire

@: not resistant to hostile enchantments, unstealthy
A: unfitting armour, claws 3, fast metabolism 3, gourmand, regeneration 2,
saprovore 2, shaggy fur 1, tough skin 2
a: Evoke Teleport Control


You were on level 5 of the Dungeon.
You were completely stuffed.

You visited 1 branch of the dungeon, and saw 5 of its levels.

You collected 134 gold pieces.

Inventory:

Hand weapons
 z - a +0,+0 giant spiked club
Missiles
 h - 6 large rocks (quivered)
Armour
 B - a cursed +0 robe (worn)
Magical devices
 o - a wand of polymorph (11)
 w - a wand of digging (5) {unknown}
 y - a wand of disintegration (13)
Comestibles
 b - 3 meat rations
 i - 4 bread rations
 m - a chunk of adder flesh
 n - 3 chokos
 v - an apple
 C - 2 chunks of hobgoblin flesh
 D - a rotting chunk of bat flesh
 E - a rotting chunk of goblin flesh
 F - 3 chunks of orc flesh
Scrolls
 e - 2 scrolls of fog
 l - a scroll of enchant weapon I
 p - a scroll of remove curse {unknown}
 s - a scroll of enchant armour {unknown}
 t - 2 scrolls of teleportation
 u - 3 scrolls of immolation
 x - a scroll of recharging {unknown}
Jewellery
 k - a ring of teleport control (right claw)
 q - a ring of protection from fire (left claw)
 G - an uncursed ring of sustain abilities
Potions
 a - a potion of agility {unknown}
 d - a potion of mutation {unknown}
 f - a potion of brilliance {unknown}
 g - a potion of magic {unknown}
 r - a potion of paralysis {unknown}
 A - a potion of heal wounds {unknown}


   Skills:
 - Level 2.4 Fighting
 - Level 2.4 Dodging
 - Level 1.1 Stealth
 + Level 8.6 Unarmed Combat


You had 6 spell levels left.
You didn't know any spells.

Dungeon Overview and Level Annotations

Branches:
Dungeon (5/16)             Temple (0/1) D:5

Altars:
Elyvilon
Okawaru


Innate Abilities, Weirdness & Mutations

You are too large for most types of armour.
You have claws for hands.
Your metabolism is lightning-fast.
You like to eat raw meat.
You heal very quickly.
You can eat rotten meat.
You are covered in fur (AC +1).
You have very tough skin (AC +2).


Message History

You closely miss the orc warrior.
The orc warrior hits you with an orcish war axe!
You hit the orc warrior but do no damage.
You closely miss the orc warrior.
The orc warrior hits you with an orcish war axe!
You hit the orc warrior.
The orc warrior begins to bleed from its wounds!
The orc warrior is lightly wounded.
The orc warrior hits you with an orcish war axe.
You closely miss the orc warrior.
The orc warrior is lightly wounded.
You hit the orc warrior but do no damage.
You claw the orc warrior.
The orc warrior is moderately wounded.
The orc warrior hits you with an orcish war axe!
* * * LOW HITPOINT WARNING * * *
You hit the orc warrior but do no damage.
The orc warrior is moderately wounded.
The orc warrior hits you with an orcish war axe!
You die...

.....oo# ........#
.........+
.........#
.........#
#.........# #+ ###'#
#. #.o.# #. #@### #.
###'##### #.
#.......# ######'
#.......#### #......
#.....?.'..# #......
#.....).##.# #......
#.......##.###......
##########...'......
#####......


You could see an orc warrior (bleeding).

Vanquished Creatures
  An ogre (D:4)
  Sigmund (D:3)
  2 crimson imps
  An orc wizard (D:5)
  A scorpion (D:4)
  An orc priest (D:5)
  Ijyb (D:2)
  12 adders
  A worm (D:3)
  A giant mite (D:4)
  A giant gecko (D:3)
  6 orcs (D:5)
  14 bats
  2 giant cockroaches
  A gnoll zombie (D:5)
  12 goblins
  14 hobgoblins
  5 jackals (D:2)
  2 quokkas
  6 giant newts
  A hobgoblin skeleton (D:4)
  9 kobolds
  An orc skeleton (D:5)
  10 rats
  3 butterflies (D:5)
109 creatures vanquished.

Notes
Turn   | Place    | Note
--------------------------------------------------------------
     0 | D:1      | Econoterrorist, the Troll Monk, began the quest for the Orb.
     0 | D:1      | Reached XP level 1. HP: 22/22 MP: 1/1
   187 | D:1      | Reached XP level 2. HP: 29/29 MP: 1/1
   819 | D:2      | Reached skill level 5 in Unarmed Combat
   819 | D:2      | Reached XP level 3. HP: 34/36 MP: 2/2
   895 | D:2      | Noticed Ijyb
   907 | D:2      | Killed Ijyb
  1084 | D:2      | Reached XP level 4. HP: 44/44 MP: 2/2
  1680 | D:3      | Reached skill level 6 in Unarmed Combat
  1697 | D:3      | Noticed Sigmund
  1714 | D:3      | Killed Sigmund
  1714 | D:3      | Reached XP level 5. HP: 18/50 MP: 2/2
  2102 | D:3      | Reached skill level 7 in Unarmed Combat
  2193 | D:4      | Found an iron altar of Okawaru.
  2205 | D:4      | Found a white marble altar of Elyvilon.
  2294 | D:4      | Reached XP level 6. HP: 53/59 MP: 3/3
  2456 | D:4      | Noticed an ogre
  2464 | D:4      | Killed an ogre
  2637 | D:4      | Reached skill level 8 in Unarmed Combat
  2943 | D:5      | Entered Level 5 of the Dungeon
  3072 | D:5      | Reached XP level 7. HP: 54/66 MP: 3/3
  3109 | D:5      | Found a staircase to the Ecumenical Temple.
  3312 | D:5      | Slain by an orc warrior

Action                   |  1- 3 |  4- 6 |  7- 9 || total
-------------------------+-------+-------+-------++-------
Melee: Unarmed           |    94 |   198 |    38 ||   330
Throw: Large rock        |    14 |     5 |       ||    19
Evoke: Wand              |       |     1 |     1 ||     2
  Use: Potion            |       |     3 |       ||     3
       Scroll            |       |     6 |     2 ||     8
